cohdb
Replays
Latest Replays
All Replays
Popular Replays
Top Player Replays
Match Explorer
How It Works
Community
CoH3 Stats
Reddit
Sign in to upload your games and track your stats! →
Sign in with Steam
Match 41908616
Unlisted
Match 41908616
Overview
Messages
Build Orders
End
Construct Barracks
Selects Heavy Weapons
Riflemen Squad
M1 Mortar Team
Riflemen Squad
Riflemen Squad
Mechanized Support Center
Construct Weapon Support Center
M3 Armored Personnel Carrier
Selects Assault Carriers
M1918 Browning Automatic Rifles
Engineer Squad
Construct Medical Station
M3 Assault Carrier
Selects Exchangeable Parts
Selects M2HB .50cal Heavy Machine Gun
M3 Assault Carrier
Bazooka Squad
Construct Tank Depot
Designate Forward Repair Station
Bazooka Squad
Improved M9 Bazooka Rockets
Rapid Repairs
.30 cal Machine Gun
Grenade Package
The 2D Waifu Trafficker
我不會說中文
hazee^^
CppMonster
Beze
jodone
Sheogorath-Sama
Voodoo408
0
0
Comments
sign in to comment!
No comments posted yet!